 Dungeon Crawl Stone Soup version 0.21-a0-286-g6fcecc0 (webtiles) character file.

841 Jor the Covert (level 7, -1/32 HPs)
             Began as a Spriggan Enchanter on Sept 27, 2017.
             Slain by Pikel
             ... wielding a +0 whip of freezing
              (9 damage)
             ... on level 5 of the Dungeon.
             The game lasted 00:13:41 (5572 turns).

Jor the Covert (Spriggan Enchanter)                 Turns: 5572, Time: 00:13:41

Health: -1/32      AC:  3    Str:  5    XL:     7   Next: 67%
Magic:  9/16       EV: 19    Int: 17    God:
Gold:   232        SH:  0    Dex: 22    Spells: 5/17 levels left

rFire    . . .     SeeInvis +   c - +2 short sword (drain)
rCold    . . .     Gourm    .   (shield restricted)
rNeg     . . .     Faith    .   b - +1 robe
rPois    .         Spirit   .   (helmet restricted)
rElec    .         Reflect  .   (no cloak)
rCorr    .         Harm     .   (gloves unavailable)
MR       +....                  (boots unavailable)
Stlth    ++++......             m - amulet of regeneration
HPRegen  0.50/turn              e - +5 ring of dexterity
MPRegen  0.15/turn              r - ring of loudness (curse)

@: very quick
A: unfitting armour, see invisible, herbivore 3, speed 3, slow metabolism 2
a: no special abilities


You were on level 5 of the Dungeon.
You were not hungry.

You visited 1 branch of the dungeon, and saw 5 of its levels.

You collected 232 gold pieces.

Inventory:

Hand Weapons
 a - a +1 dagger
 c - a +2 short sword of draining (weapon)
 j - a +3 dagger of protection
 o - the +0 dagger of Xyip {drain, Str+4 Dex+4}
   (You found it on level 4 of the Dungeon)

   A truly terrible weapon, it drains the life of those it strikes.
   It affects your strength (+4).
   It affects your dexterity (+4).
Armour
 b - a +1 robe (worn)
Jewellery
 e - a +5 ring of dexterity (left hand)
 m - an amulet of regeneration (around neck)
 r - a cursed ring of loudness (right hand)
Scrolls
 h - 2 scrolls of recharging
 l - 3 scrolls of teleportation
 q - a scroll of identify
Potions
 f - a potion of flight
 g - a potion of resistance
 i - 4 potions of haste
 s - a potion of curing
Books
 k - a book of Necromancy

   Spells                             Type                      Level
   a - Pain                           Necromancy                   1
   b - Animate Skeleton               Necromancy                   1
   c - Vampiric Draining              Necromancy                   3
   d - Regeneration                   Charms/Necromancy            3
   e - Animate Dead                   Necromancy                   4
   f - Control Undead                 Necromancy                   4
Comestibles
 d - 4 bread rations
 n - 2 royal jellies
 p - 2 fruits


   Skills:
 - Level 1.1 Short Blades
 - Level 3.0 Dodging
 + Level 10.7 Stealth
 - Level 5.5 Spellcasting
 - Level 6.2 Hexes


You had 5 spell levels left.
You knew the following spells:

 Your Spells              Type           Power        Failure   Level  Hunger
a - Ensorcelled Hibernat  Hex/Ice        ###...       5%          2    #......
b - Corona                Hex            ####...      1%          1    None
c - Confuse               Hex            ####....     3%          3    ##.....
d - Tukima's Dance        Hex            ####....     3%          3    ##.....
e - Dazzling Spray        Conj/Hex       ###...       11%         3    ##.....


Dungeon Overview and Level Annotations

Branches:
Dungeon (5/15)
 Temple: D:4-7

Altars:
Sif Muna

Shops:
D:5 (

Annotations:
D:5 Pikel


Innate Abilities, Weirdness & Mutations

You are very small and have problems with some larger weapons.
You are too small for most types of armour.
You have supernaturally acute eyesight. (SInv)
You are a herbivore.
You cover ground extremely quickly.
You need consume almost no food.


Message History

Pikel freezes you. The iguana misses you.
A slave comes into view.
Unknown command.
You closely miss Pikel.
Pikel is almost dead.
Pikel is no longer blind.
The slave is no longer blind.
The worker ant bites you.
* * * LOW HITPOINT WARNING * * *
Pikel completely misses you. The iguana misses you.
The slave moves out of view.
You miss Pikel.
Pikel is almost dead.
The worker ant closely misses you. The slave completely misses you.
Pikel closely misses you. The iguana misses you.
A giant cockroach zombie comes into view.
Unknown command.
You hit Pikel but do no damage. You drain Pikel!
Pikel is almost dead.
The worker ant closely misses you. Pikel hits you with a whip of freezing!
You die...

# # #.# .. ### #.# .#
..# #.# .# ..#######.#
.# ........#.# #####.#
..#####.#.# #...#.# .<#
#.#.###...#.#
#######.#.#....p@K#
........%.....)aplp.....
#########.........##....
.# #..##..Z### #..
.##### #......... .
.....# ##.#.######
.###.#####.#.#....# .#
#.<............## ##
#######..........


You could see Pikel, 3 slaves, an iguana, a worker ant and a giant cockroach
zombie.

Vanquished Creatures
  2 ogres
  Blork the orc (D:4)
  2 howler monkeys
  A crimson imp (D:5)
  2 hounds
  2 orc wizards (D:4)
  An orc priest (D:3)
  A centaur skeleton (D:4)
  Natasha (twice) (D:4)
  3 worker ants
  4 hound skeletons
  5 adders
  An ooze (D:2)
  3 dart slugs
  2 leopard geckos
  13 orcs
  3 ball pythons (D:4)
  4 giant cockroaches
  6 goblins
  14 hobgoblins
  7 jackals
  10 kobolds
  7 bats
  A frilled lizard (D:2)
  7 rats
104 creatures vanquished.

Notes
Turn   | Place    | Note
-------+----------+-------------------------------------------
     0 | D:1      | Jor the Spriggan Enchanter began the quest for the Orb.
     0 | D:1      | Reached XP level 1. HP: 9/9 MP: 5/5
   589 | D:1      | Reached XP level 2. HP: 9/13 MP: 7/7
   593 | D:1      | Learned a level 2 spell: Ensorcelled Hibernation
  1670 | D:2      | Reached XP level 3. HP: 16/16 MP: 9/9
  1675 | D:2      | Learned a level 3 spell: Confuse
  1679 | D:2      | Learned a level 3 spell: Tukima's Dance
  1830 | D:2      | Reached skill level 5 in Hexes
  1830 | D:2      | Reached XP level 4. HP: 16/21 MP: 6/11
  3042 | D:3      | Found a deep blue altar of Sif Muna.
  3303 | D:3      | Reached XP level 5. HP: 24/24 MP: 13/13
  3355 | D:3      | Reached skill level 5 in Spellcasting
  3772 | D:4      | Noticed Blork the orc
  3883 | D:3      | Learned a level 3 spell: Dazzling Spray
  4174 | D:4      | Reached skill level 5 in Stealth
  4174 | D:4      | Reached XP level 6. HP: 27/28 MP: 3/15
  4433 | D:4      | Reached skill level 6 in Stealth
  4493 | D:4      | Killed Blork the orc
  4493 | D:4      | Reached skill level 7 in Stealth
  4622 | D:4      | Noticed Natasha
  4635 | D:4      | Killed Natasha
  4687 | D:4      | Noticed Natasha
  4695 | D:4      | Killed Natasha
  4851 | D:4      | Reached skill level 8 in Stealth
  4905 | D:4      | Got a slimy dagger
  4906 | D:4      | Identified the +0 dagger of Xyip {drain, Str+4 Dex+4} (You found it on level 4 of the Dungeon)
  5071 | D:4      | Reached XP level 7. HP: 26/32 MP: 16/16
  5095 | D:4      | Reached skill level 9 in Stealth
  5200 | D:5      | Entered Level 5 of the Dungeon
  5230 | D:5      | Reached skill level 10 in Stealth
  5317 | D:5      | Found Hupune's Weapon Boutique.
  5562 | D:5      | Noticed Pikel
  5572 | D:5      | Slain by Pikel

Vault maps used:
D:1:      mainiacjoe_arrival_reflecting_pool
D:2:      first_bread, guppyfry_early_orc_mine
D:3:      lemuel_round_altar
D:4:      uniq_blork_the_orc, uniq_natasha
D:5:      lemuel_round_altar, serial_shops, shop, due_unseen_surprise,
          uniq_pikel

Skill      XL: |  1  2  3  4  5  6  7 |
---------------+----------------------+-----
Spellcasting   | 3 4 5 |  5.5
Hexes          | 4 5 6 |  6.2
Stealth        | 5 8 10 | 10.7
Short Blades   | |  1.1
Dodging        | |  3.0

Action                   |  1- 3 |  4- 6 |  7- 9 || total
-------------------------+-------+-------+-------++-------
Melee: Dagger            |    87 |   170 |       ||   257
       Short sword       |       |    15 |    43 ||    58
 Cast: Corona            |     5 |       |       ||     5
       Ensorcelled Hiber |    14 |    33 |     1 ||    48
       Confuse           |       |     9 |     3 ||    12
       Dazzling Spray    |       |     5 |     2 ||     7
  Use: Scroll            |     6 |     7 |       ||    13
       Potion            |       |     4 |       ||     4
 Stab: Sleeping          |    17 |    34 |     1 ||    52
       Invisible         |       |     3 |     1 ||     4
       Confused          |       |     4 |     3 ||     7
       Distracted        |       |     1 |       ||     1
  Eat: Bread ration      |       |     1 |       ||     1
Armor: Robe              |    13 |    20 |     4 ||    37
Dodge: Dodged            |    74 |   179 |    36 ||   289

Table legend:
 A = Spawn XP
 B = Non-spawn XP
 C = Spawn XP percentage of total XP
 D = Spawn monster count
 E = Non-spawn monster count
 F = Spawn count percentage of total count
 G = Total turns spent on level
                    A         B        C        D         E        F      G
               +---------+---------+-------+---------+---------+-------+---------
         Total |       0 |    1202 |   0.0 |       0 |     104 |   0.0 |  5572
               +---------+---------+-------+---------+---------+-------+---------
           D:1 |       0 |      37 |   0.0 |       0 |      21 |   0.0 |  1642
           D:2 |       0 |     124 |   0.0 |       0 |      30 |   0.0 |  1334
           D:3 |       0 |      94 |   0.0 |       0 |      16 |   0.0 |   999
           D:4 |       0 |     669 |   0.0 |       0 |      32 |   0.0 |  1225
           D:5 |       0 |     278 |   0.0 |       0 |       5 |   0.0 |   372
               +---------+---------+-------+---------+---------+-------+---------
